 Dungeon Crawl Stone Soup version 0.27-a0-1378-gdefffd1ff6 (webtiles) character file.

Game seed: 3716982216669731921

659 funkygono the Firebug (level 7, -18/51 HPs)
             Began as a Gnoll Fire Elementalist on June 29, 2021.
             Demolished by a gnoll (22 damage)
             ... on level 5 of the Dungeon.
             The game lasted 00:10:25 (5433 turns).

funkygono the Firebug (Gnoll Fire Elementalist)     Turns: 5433, Time: 00:10:26

Health: -18/51     AC:  4    Str:  9    XL:     7   Next: 55%
Magic:  8/15       EV: 13    Int: 15    God:
Gold:   84         SH:  0    Dex: 12    Spells: 12/17 levels left

rFire    . . .     SeeInvis .   f - +4 whip
rCold    . . .     Faith    .   (no shield)
rNeg     + . .     Spirit   .   a - +1 robe
rPois    .         Reflect  .   (no helmet)
rElec    .         Harm     .   (no cloak)
rCorr    .         Rampage  .   l - +0 pair of gloves
Will     .....                  (no boots)
Stlth    +++.......             (no amulet)
HPRegen  0.17/turn              i - ring of positive energy
MPRegen  0.14/turn              (no ring)

@: very slightly contaminated, studying Polearms
A: fangs 1, strong nose, distributed training
a: no special abilities


You were on level 5 of the Dungeon.
You visited 1 branch of the dungeon, and saw 5 of its levels.

You collected 84 gold pieces.

Inventory:

Hand Weapons
 e - a +0 mace
 f - a +4 whip (weapon)
 m - a +2 dagger of venom
 o - a +0 trident
Missiles
 q - a throwing net
 r - 2 curare-tipped darts
Armour
 a - a +1 robe (worn)
 b - a +0 scale mail
 l - a +0 pair of gloves (worn)
 n - a +0 leather armour
 s - a +0 tower shield
Jewellery
 i - a ring of positive energy (left hand)
Scrolls
 c - a scroll of magic mapping {unknown}
 g - 2 scrolls of noise {unknown}
Potions
 d - a potion of heal wounds {unknown}
 h - 2 potions of might {unknown}
 j - a potion of resistance {unknown}
 k - a potion of mutation {unknown}
 p - 2 potions of curing {unknown}


   Skills:
 + Level 2.5 Fighting
 + Level 2.5 Short Blades
 + Level 2.5 Long Blades
 + Level 2.5 Axes
 + Level 2.5 Maces & Flails
 + Level 3.6 Polearms
 + Level 2.5 Staves
 + Level 2.5 Slings
 + Level 2.5 Bows
 + Level 2.5 Crossbows
 + Level 2.5 Throwing
 + Level 2.5 Armour
 + Level 5.3 Dodging
 + Level 4.9 Stealth
 + Level 2.5 Shields
 + Level 2.5 Unarmed Combat
 + Level 5.6 Spellcasting
 + Level 3.0 Conjurations
 + Level 2.1 Hexes
 + Level 2.1 Summonings
 + Level 2.1 Necromancy
 + Level 2.1 Translocations
 + Level 2.1 Transmutations
 + Level 5.8 Fire Magic
 + Level 2.1 Ice Magic
 + Level 2.1 Air Magic
 + Level 2.1 Earth Magic
 + Level 2.1 Poison Magic
 + Level 2.8 Invocations
 + Level 2.5 Evocations


You had 12 spell levels left.
You knew the following spells:

 Your Spells              Type           Power      Damage    Failure   Level
a - Foxfire               Conj/Fire      68%        2x1d7     2%          1
b - Sticky Flame          Conj/Fire      17%        2d4       24%         4

Your spell library contained the following spells:

 Spells                   Type           Power      Damage    Failure   Level
 Conjure Flame            Conj/Fire      17%        6-21      8%          3
 Inner Flame              Hex/Fire       16%        N/A       9%          3
 Fireball                 Conj/Fire      8%         3d6       56%         5


Dungeon Overview and Level Annotations

Branches:
Dungeon (5/15)
 Temple: D:4-7

Altars:
Okawaru
Yredelemnul


Innate Abilities, Weirdness & Mutations

You have very sharp teeth.
Your uncanny sense of smell can sniff out nearby items.
Your experience applies equally to all skills.


Message History

Confirm with . or Enter, or press ? or * to list all spells.
You miscast Foxfire.
You are very lightly contaminated with residual magic.
Nothing appears to happen.
The foxfire hits the gnoll.
The gnoll is almost dead.
The foxfire hits the gnoll.
You kill the gnoll!
The gnoll hits you from afar with a +0 halberd.
The gnoll closely misses you.
Casting: Foxfire (safe; 2% risk of failure)
Confirm with . or Enter, or press ? or * to list all spells.
You conjure some foxfire!
The gnoll hits you from afar with a +0 halberd!
The gnoll closely misses you.
Unknown command.
Casting: Foxfire (safe; 2% risk of failure)
Confirm with . or Enter, or press ? or * to list all spells.
You conjure some foxfire!
The foxfire hits the gnoll but does no damage.
The gnoll is severely wounded.
The foxfire hits the gnoll.
The gnoll is moderately wounded.
The gnoll closely misses you.
The gnoll hits you from afar with a +0 halberd.
The gnoll hits you from afar with a +2 spear of distortion.
Space bends around you.
* * * LOW HITPOINT WARNING * * *
Casting: Foxfire (safe; 2% risk of failure)
Confirm with . or Enter, or press ? or * to list all spells.
You conjure some foxfire!
The foxfire hits the gnoll.
The gnoll is almost dead.
The foxfire hits the gnoll but does no damage.
The gnoll is moderately wounded.
The gnoll hits you but does no damage.
The gnoll hits you from afar with a +0 halberd.
* * * LOW HITPOINT WARNING * * *
The gnoll hits you from afar with a +2 spear of distortion.
* * * LOW HITPOINT WARNING * * *
Space warps horribly around you!!
You die...

..#. .... .....
#..... #[.....
##.......
###.v......
#..@§......
.....g.v§......
##.......gg).......
#.....$............
##..........).......
#.......)..........#
#................##.
#...............##
#...........


You could see 3 gnolls.

Vanquished Creatures
  A wyvern (D:4)
  An ogre (D:4)
  A scorpion (D:4)
  A hound (D:4)
  A centaur skeleton (D:4)
  A hound skeleton (D:4)
  14 gnolls
  3 adders
  An ufetubus (D:4)
  An adder skeleton (D:4)
  A worm (D:3)
  3 dart slugs
  7 orcs
  8 ball pythons
  10 endoplasms
  A giant cockroach (D:4)
  5 hobgoblins
  17 jackals
  A quokka (D:3)
  10 bats
  9 frilled lizards
  9 goblins
  11 kobolds
  4 rats
121 creatures vanquished.

Vanquished Creatures (others)
  434 foxfires
434 creatures vanquished.

Grand Total: 555 creatures vanquished

Notes
Turn   | Place    | Note
-------+----------+-------------------------------------------
     0 | D:1      | funkygono the Gnoll Fire Elementalist began the quest for
                  | the Orb.
     0 | D:1      | Reached XP level 1. HP: 13/13 MP: 6/6
   138 | D:1      | Reached XP level 2. HP: 19/19 MP: 3/7
   678 | D:1      | Found a faded altar of an unknown god.
   708 | D:1      | Reached XP level 3. HP: 22/25 MP: 3/9
   961 | D:2      | Reached skill level 5 in Spellcasting
  1003 | D:2      | You fall into a shaft and drop 1 floor!
  1192 | D:3      | Found a basalt altar of Yredelemnul.
  1209 | D:3      | Reached skill level 1 in Invocations
  1444 | D:3      | Reached skill level 1 in Fighting
  1444 | D:3      | Reached skill level 1 in Short Blades
  1444 | D:3      | Reached skill level 1 in Long Blades
  1444 | D:3      | Reached skill level 1 in Axes
  1444 | D:3      | Reached skill level 1 in Maces & Flails
  1444 | D:3      | Reached skill level 1 in Polearms
  1444 | D:3      | Reached skill level 1 in Staves
  1444 | D:3      | Reached skill level 1 in Slings
  1444 | D:3      | Reached skill level 1 in Bows
  1444 | D:3      | Reached skill level 1 in Crossbows
  1444 | D:3      | Reached skill level 1 in Throwing
  1444 | D:3      | Reached skill level 1 in Armour
  1444 | D:3      | Reached skill level 1 in Shields
  1444 | D:3      | Reached skill level 1 in Unarmed Combat
  1444 | D:3      | Reached skill level 1 in Evocations
  1444 | D:3      | Reached XP level 4. HP: 28/32 MP: 1/11
  1941 | D:3      | Found an iron altar of Okawaru.
  2114 | D:3      | Learned a level 4 spell: Sticky Flame
  2147 | D:4      | Reached skill level 1 in Hexes
  2147 | D:4      | Reached skill level 1 in Summonings
  2147 | D:4      | Reached skill level 1 in Necromancy
  2147 | D:4      | Reached skill level 1 in Translocations
  2147 | D:4      | Reached skill level 1 in Transmutations
  2147 | D:4      | Reached skill level 1 in Ice Magic
  2147 | D:4      | Reached skill level 1 in Air Magic
  2147 | D:4      | Reached skill level 1 in Earth Magic
  2147 | D:4      | Reached skill level 1 in Poison Magic
  2165 | D:4      | Reached XP level 5. HP: 6/37 MP: 0/12
  2515 | D:4      | Noticed a wyvern
  2523 | D:4      | Killed a wyvern
  2524 | D:4      | Reached XP level 6. HP: 29/44 MP: 7/14
  2686 | D:4      | Reached skill level 5 in Dodging
  3039 | D:4      | Reached XP level 7. HP: 50/50 MP: 3/15
  3554 | D:5      | Entered Level 5 of the Dungeon
  5433 | D:5      | Demolished by a gnoll

Illustrated notes

Levels and vault maps discovered:
D:1:      minmay_arrival_pointy, layout_basic,
          shapermc_ecumenical_altar_totnotflames
D:2:      layout_basic, palyth_stone_intersect
D:3:      layout_basic, general_overflow_altar, lemuel_round_altar,
          minmay_misc_feat_secret_circle
D:4:      layout_rooms, minmay_misc_feat_x, minmay_bent
D:5:      layout_layer_cave, hangedman_glass_garden, minmay_lizard_king,
          uniq_blork_the_orc

Skill      XL: |  1  2  3  4  5  6  7 |
---------------+----------------------+-----
Conjurations   | 2 3 |  3.0
Spellcasting   | 5 |  5.6
Invocations    | 1 2 |  2.8
Fighting       | 1 2 |  2.5
Short Blades   | 1 2 |  2.5
Long Blades    | 1 2 |  2.5
Axes           | 1 2 |  2.5
Maces & Flails | 1 2 |  2.5
Polearms       | 1 2 3 |  3.6
Staves         | 1 2 |  2.5
Slings         | 1 2 |  2.5
Bows           | 1 2 |  2.5
Crossbows      | 1 2 |  2.5
Throwing       | 1 2 |  2.5
Armour         | 1 2 |  2.5
Shields        | 1 2 |  2.5
Unarmed Combat | 1 2 |  2.5
Evocations     | 1 2 |  2.5
Hexes          | 1 2 |  2.1
Summonings     | 1 2 |  2.1
Necromancy     | 1 2 |  2.1
Translocations | 1 2 |  2.1
Transmutations | 1 2 |  2.1
Ice Magic      | 1 2 |  2.1
Air Magic      | 1 2 |  2.1
Earth Magic    | 1 2 |  2.1
Poison Magic   | 1 2 |  2.1
Dodging        | 5 |  5.3
Stealth        | |  4.9
Fire Magic     | |  5.8

Action                   |  1- 3 |  4- 6 |  7- 9 || total
-------------------------+-------+-------+-------++-------
Melee: Whip              |     1 |    13 |    17 ||    31
       Bite              |       |     1 |     2 ||     3
       Punch             |       |     1 |     1 ||     2
 Cast: Foxfire           |    73 |    91 |    90 ||   254
  Use: Scroll            |     1 |       |     3 ||     4
 Stab: Sleeping          |       |     2 |     1 ||     3
Armor: Robe              |     1 |     4 |     4 ||     9
Dodge: Dodged            |     2 |    14 |    30 ||    46

Table legend: (Time is in decaauts)
 A = Elapsed time spent in this place.
 B = Non-inter-level travel time spent in this place.
 C = Inter-level travel time spent in this place.
 D = Time resting spent in this place.
 E = Time spent auto-exploring this place.
 F = Levels seen in this place.
 G = Mean time per level.
                   A        B        C        D        E       F      G
               +--------+--------+--------+--------+--------+-----+--------+
         Total |   5438 |   5317 |    121 |    175 |   3961 |   5 | 1087.6 |
       Dungeon |   5438 |   5317 |    121 |    175 |   3961 |   5 | 1087.6 |
               +--------+--------+--------+--------+--------+-----+--------+

Top non-repeatable levels by time:
     D:4: 1887 daAuts
     D:2: 1388 daAuts
     D:3: 1197 daAuts
     D:1: 935 daAuts
     D:5: 30 daAuts
